 Dungeon Crawl Stone Soup version bcrawl-1.21.3-1-g0d72ed7573 (webtiles) character file.

Game seed: 1878754905374696475

8737 Mehrunes the Nimble (level 11, -3/61 HPs)
             Began as a Fairy Fire Elementalist on Apr 16, 2020.
             Was an Elder of Vehumet.
             Shot with an arrow by a centaur warrior (20 damage)
             ... on level 9 of the Dungeon.
             The game lasted 00:26:38 (12454 turns).

Mehrunes the Nimble (Fairy Fire Elementalist)      Turns: 12454, Time: 00:26:39

Health: -3/61      AC:  7    Str:  6    XL:     11   Next: 35%
Magic:  20/29      EV: 25    Int: 24    God:    Vehumet [****..]
Gold:   56         SH:  6    Dex: 13    Spells: 1/20 levels left

rFire    . . .     SeeInvis .   l - +0 whip
rCold    + . .     Gourm    .   (shield restricted)
rNeg     . . .     Faith    .   (armour unavailable)
rPois    .         Spirit   .   G - +0 helmet of the Peculiar Lies {rF+ MP+9 Int+2} (curse)
rElec    .         Reflect  .   (no cloak)
rCorr    .         Harm     .   (no gloves)
MR       +....                  (no boots)
Stlth    +.........             (no amulet)
HPRegen  1.20/turn              C - ring of ice
MPRegen  0.21/turn              (no ring)

@: flying evasively, regenerating
A: small, magic attunement, unstealthy, unfitting armour, able to fly, AC/SH +6
a: Stop Flying, Renounce Religion


You were on level 9 of the Dungeon.
You worshipped Vehumet.
Vehumet was greatly pleased with you.
You were not hungry.

You visited 1 branch of the dungeon, and saw 9 of its levels.

You collected 596 gold pieces.
You spent 540 gold pieces at shops.

Inventory:

Hand Weapons
 i - a +1 antimagic dagger
 l - a +0 whip (weapon)
 n - a +2 spear of piercing
Missiles
 b - 2062 stones (quivered)
Armour
 G - the cursed +0 helmet of the Peculiar Lies (worn) {rF+ MP+9 Int+2}
   (You bought it in a shop on level 7 of the Dungeon)

   It affects your intelligence (+2).
   It protects you from fire.
   It affects your magic capacity (+9).
   It has a curse placed upon it.
Jewellery
 C - a ring of ice (left hand)
Wands
 y - a wand of flame (17)
 B - a wand of enslavement (12)
 D - a wand of random effects (11)
Scrolls
 a - 2 scrolls of enchant armour {unknown}
 f - 7 scrolls of remove curse {unknown}
 g - 2 scrolls of immolation {unknown}
 k - 5 scrolls of identify {unknown}
 m - 4 scrolls of enchant weapon {unknown}
 o - a scroll of fog {unknown}
 q - a scroll of blinking {unknown}
 s - 2 scrolls of magic mapping {unknown}
 u - 2 scrolls of noise {unknown}
 v - 6 scrolls of teleportation {unknown}
 F - a scroll of acquirement {unknown}
 H - a scroll of fear {unknown}
Potions
 c - 2 potions of might {unknown}
 d - 2 potions of flight {unknown}
 h - 5 potions of haste {unknown}
 j - 2 potions of degeneration {unknown}
 p - a potion of lignification {unknown}
 r - 2 potions of ambrosia {unknown}
 t - 2 potions of experience {unknown}
 w - a potion of mutation {unknown}
 x - 4 potions of curing {unknown}
 z - a potion of heal wounds {unknown}
 A - a potion of brilliance {unknown}
 E - a potion of agility {unknown}
Comestibles
 e - 12 rations {!d}


   Skills:
 + Level 12.4 Dodging
 - Level 1.5 Stealth
 - Level 5.0 Spellcasting
 + Level 11.3 Conjurations
 * Level 2.3 Charms
 * Level 2.3 Necromancy
 - Level 9.8 Fire Magic
 - Level 7.0 Ice Magic


You had one spell level left.
You knew the following spells:

 Your Spells              Type           Power        Failure   Level  Hunger
a - Flame Tongue          Conj/Fire      #####        1%          1    None
b - Conjure Flame         Conj/Fire      ######..     1%          3    None
c - Fireball              Conj/Fire      ######....   1%          5    None
d - Freeze                Ice            ######       1%          1    None
e - Sticky Flame          Conj/Fire      ######..     1%          4    None
f - Throw Frost           Conj/Ice       ######       1%          2    None
g - Regeneration          Chrm/Necr      ###.......   10%         3    None

Your spell library contained the following spells:

 Spells                   Type           Power        Failure   Level  Hunger
 Olgreb's Toxic Radiance  Pois           #.......     22%         4    None
 Infusion                 Chrm           ###.....     3%          1    None
 Corona                   Hex            #......      9%          1    None
 Flaming Arrows           Chrm/Fire      #####...     1%          2    None
 Inner Flame              Hex/Fire       N/A          1%          3    None
 Ozocubu's Armour         Chrm/Ice       #####...     3%          3    None
 Song of Slaying          Chrm           ###.....     4%          2    None
 Spectral Weapon          Hex/Chrm       ##......     16%         3    None
 Summon Ice Beast         Ice/Summ       ####....     21%         4    None
 Summon Lightning Spire   Summ/Air       #.......     94%         5    None
 Shadow Creatures         Summ           N/A          100%        6    None


Dungeon Overview and Level Annotations

Branches:
Dungeon (9/12)             Temple (0/1) D:7            Lair (0/6) D:7
    Orc: D:8-11

Altars:
Elyvilon
Fedhas
Lugonu
Vehumet
Xom
Yredelemnul
Zin
The Shining One

Shops:
D:7 *


Innate Abilities, Weirdness & Mutations

Your spells do not cause hunger and MP costs are reduced by 1.
Your bright wings attract enemies. (Stealth-)
You cannot fit into any form of body armour.
Your shimmering scales are hard and can block incoming attacks. (AC +6, SH +6)
You are small and have problems with some larger weapons.
You can fly continuously.


Message History

The fireball engulfs the centaur warrior!
The centaur warrior is moderately wounded.
The centaur warrior shoots an arrow.
The arrow hits you!
Casting: Fireball (safe; 1% risk of failure)
Confirm with . or Enter, or press ? or * to list all spells.
Aiming: Fireball (safe; 1% risk of failure)
Press: ? - help, Shift-Dir - straight line, f/p - centaur warrior
Aim: a centaur warrior, wielding a +0 shortbow and quivering 62 arrows (moderately wounded)
The fireball explodes!
The fireball engulfs the centaur warrior!
The centaur warrior is heavily wounded.
You hear a shout!
The centaur warrior shoots an arrow.
The arrow hits you!!
* * * LOW HITPOINT WARNING * * *
Casting: Fireball (safe; 1% risk of failure)
Confirm with . or Enter, or press ? or * to list all spells.
Your skin crawls.
The centaur warrior shoots an arrow.
The arrow barely misses you.
The centaur warrior shoots an arrow.
The arrow hits you!!
You die...

#.# #.# . #.# ..
#.# ... #.# ....
#.# .(... #.#
......##########.#
....>.c§@........#
......############
..... .... ... ..
.


You could see a centaur warrior.

Vanquished Creatures
  A slime creature (D:9)
  3 centaur zombies (D:8)
  3 centaur skeletons
  A tengu conjurer (D:9)
  A troll (D:8)
  2 hippogriffs
  11 yaks
  A hungry ghost (D:9)
  A basilisk (D:7)
  A water moccasin (D:7)
  A crocodile (D:7)
  4 orc warriors
  2 sky beasts
  3 ice beasts
  A black bear (D:7)
  9 ogres
  3 phantoms
  A wolf (D:9)
  2 centaurs
  5 bullfrogs
  2 big kobolds (D:8)
  5 scorpions
  5 howler monkeys
  2 bullfrog zombies (D:5)
  2 crimson imps
  3 hounds
  3 quasits
  An orc priest (D:3)
  4 orc wizards
  A bullfrog skeleton (D:7)
  7 worker ants
  An iguana (D:5)
  2 hound zombies
  2 worker ant zombies
  Robin (D:2)
  7 gnolls
  8 adders
  A shadow imp (D:7)
  A white imp (D:9)
  A worker ant simulacrum (D:9)
  An ufetubus (D:9)
  3 oozes
  An adder zombie (D:7)
  2 adder skeletons
  7 worms
  3 dart slugs
  A leopard gecko (D:7)
  24 orcs
  4 bats
  2 giant cockroaches
  16 goblins
  11 hobgoblins
  6 jackals (D:2)
  6 quokkas
  A ball python (D:5)
  4 frilled lizards
  16 kobolds
  3 rats
226 creatures vanquished.

Vanquished Creatures (others)
  A fungus (D:7)
1 creature vanquished.

Grand Total: 227 creatures vanquished

Notes
Turn   | Place    | Note
-------+----------+-------------------------------------------
     0 | D:1      | Mehrunes the Fairy Fire Elementalist began the quest for
                  | the Orb.
     0 | D:1      | Reached XP level 1. HP: 11/11 MP: 6/6
   394 | D:1      | Reached XP level 2. HP: 17/17 MP: 7/7
   420 | D:1      | Reached skill level 3 in Dodging
  1113 | D:2      | Reached XP level 3. HP: 21/21 MP: 9/9
  1743 | D:1      | Learned a level 3 spell: Conjure Flame
  1935 | D:2      | Found a glowing golden altar of the Shining One.
  1950 | D:2      | Reached XP level 4. HP: 27/27 MP: 11/11
  2217 | D:2      | Found a radiant altar of Vehumet.
  2254 | D:2      | Became a worshipper of Vehumet
  2440 | D:2      | Noticed Robin
  2462 | D:2      | Killed Robin
  2677 | D:2      | Reached skill level 4 in Dodging
  2677 | D:2      | Reached XP level 5. HP: 31/31 MP: 12/12
  2787 | D:2      | Learned a level 5 spell: Fireball
  2795 | D:2      | Noticed an ogre
  2841 | D:2      | Killed an ogre
  2841 | D:2      | Reached skill level 5 in Fire Magic
  3310 | D:3      | Reached XP level 6. HP: 13/36 MP: 13/13
  3903 | D:3      | Reached * piety under Vehumet
  3903 | D:3      | Offered knowledge of Freeze by Vehumet.
  3906 | D:3      | Learned a level 1 spell: Freeze
  4096 | D:3      | Reached skill level 5 in Dodging
  4433 | D:4      | Reached skill level 1 in Ice Magic
  4446 | D:4      | Noticed a sky beast
  4457 | D:4      | Killed a sky beast
  4457 | D:4      | Reached XP level 7. HP: 41/41 MP: 11/14
  5257 | D:5      | Entered Level 5 of the Dungeon
  5332 | D:5      | Reached skill level 6 in Dodging
  5332 | D:5      | Reached skill level 5 in Conjurations
  5803 | D:5      | Reached XP level 8. HP: 46/46 MP: 16/16
  6000 | D:5      | Found a corrupted altar of Lugonu.
  6357 | D:5      | Reached ** piety under Vehumet
  6671 | D:5      | Offered knowledge of Sting by Vehumet.
  6677 | D:5      | Learned a level 4 spell: Sticky Flame
  6725 | D:6      | Reached skill level 7 in Dodging
  6857 | D:6      | Found a blossoming altar of Fedhas.
  7164 | D:6      | Reached skill level 8 in Dodging
  7371 | D:6      | Noticed a hippogriff
  7380 | D:6      | Killed a hippogriff
  7380 | D:6      | Reached XP level 9. HP: 51/51 MP: 13/18
  7945 | D:7      | Found Hvuqonae's Humungous Hoard.
  7983 | D:7      | Reached skill level 9 in Dodging
  8494 | D:7      | Found a basalt altar of Yredelemnul.
  8522 | D:7      | Reached skill level 10 in Dodging
  8557 | D:7      | Reached XP level 10. HP: 50/56 MP: 16/19
  8590 | D:7      | Found a glowing silver altar of Zin.
  8670 | D:7      | Offered knowledge of Throw Frost by Vehumet.
  8678 | D:7      | Learned a level 2 spell: Throw Frost
  8707 | D:7      | Found a staircase to the Lair.
  8970 | D:7      | Reached *** piety under Vehumet
  9129 | D:7      | Found a staircase to the Ecumenical Temple.
  9569 | D:7      | Found a shimmering altar of Xom.
  9751 | D:8      | Reached skill level 11 in Dodging
  9751 | D:8      | Reached skill level 10 in Conjurations
  9799 | D:8      | Reached skill level 5 in Ice Magic
  9809 | D:8      | Offered knowledge of Yara's Violent Unravelling by Vehumet.
 10572 | D:8      | Reached **** piety under Vehumet
 10572 | D:8      | Reached XP level 11. HP: 61/61 MP: 17/20
 10652 | D:8      | Reached skill level 12 in Dodging
 10802 | D:8      | Found a white marble altar of Elyvilon.
 11107 | D:9      | Offered knowledge of Olgreb's Toxic Radiance by Vehumet.
 11113 | D:9      | Reached skill level 5 in Spellcasting
 11183 | D:9      | Identified the Reference Book on Creative Execration
 11193 | D:9      | Learned a level 3 spell: Regeneration
 11327 | D:9      | Reached skill level 1 in Charms
 11327 | D:9      | Reached skill level 1 in Necromancy
 11964 | D:7      | Bought the cursed +0 helmet of the Peculiar Lies {rF+ MP+9
                  | Int+2} for 540 gold pieces
 12441 | D:9      | Noticed a centaur warrior
 12454 | D:9      | Shot with an arrow by a centaur warrior

Skill      XL: |  1  2  3  4  5  6  7  8  9 10 11 |
---------------+----------------------------------+-----
Dodging        | 3 4 5 6 8 10 11 12 | 12.4
Spellcasting   | 3 4 5 |  5.0
Conjurations   | 2 3 4 5 7 9 10 11 | 11.3
Fire Magic     | 4 5 6 8 9 |  9.8
Ice Magic      | 1 3 6 7 |  7.0
Charms         | 2 |  2.3
Necromancy     | 2 |  2.3
Stealth        | |  1.5

Action                   |  1- 3 |  4- 6 |  7- 9 | 10-12 || total
-------------------------+-------+-------+-------+-------++-------
 Cast: Flame Tongue      |    80 |   103 |   224 |   174 ||   581
       Conjure Flame     |       |    13 |    31 |    29 ||    73
       Fireball          |       |       |    10 |    20 ||    30
       Sticky Flame      |       |       |    14 |    11 ||    25
       Freeze            |       |       |     3 |    14 ||    17
       Throw Frost       |       |       |       |    57 ||    57
       Regeneration      |       |       |       |     1 ||     1
  Eat: Chunk             |     3 |     7 |    13 |     9 ||    32
       Ration            |       |       |       |     1 ||     1
Armor: Skin              |     3 |     6 |    13 |     5 ||    27
Dodge: Dodged            |    13 |    21 |    57 |    60 ||   151
Block: Other             |     9 |     5 |    19 |    20 ||    53
